 Dungeon Crawl Stone Soup version 0.27.1-1-g398f81649c (webtiles) character file.

Game seed: 11886771678578602095

3049 Elvor the Cudgeller (level 9, -12/74 HPs)
             Began as a Green Draconian Warper on Sept 6, 2021.
             Mangled by a hornet zombie (15 damage)
             ... on level 7 of the Dungeon.
             The game lasted 01:24:27 (8260 turns).

Elvor the Cudgeller (Green Draconian Warper)        Turns: 8260, Time: 01:24:27

Health: -12/74     AC: 12    Str: 16    XL:     9   Next: 57%
Magic:  2/13       EV: 11    Int: 15    God:
Gold:   339        SH:  9    Dex: 10    Spells: 11/13 levels left

rFire    . . .     SeeInvis .   D - +2 whip (chaos)
rCold    . . .     Faith    .   y - +0 kite shield
rNeg     . . .     Spirit   .   (armour unavailable)
rPois    +         Reflect  .   (helmet restricted)
rElec    .         Harm     .   u - scarf {repulsion}
rCorr    .         Rampage  .   l - +0 pair of gloves
Will     .....                  (no boots)
Stlth    +.........             (no amulet)
HPRegen  0.22/turn              g - +4 ring of protection
MPRegen  0.13/turn              (no ring)

@: short of breath, repel missiles
A: breathe noxious fumes, AC +7, unfitting armour, poison resistance,
cold-blooded
a: Breathe Noxious Fumes


You were on level 7 of the Dungeon.
You visited 2 branches of the dungeon, and saw 8 of its levels.

You collected 447 gold pieces.
You spent 108 gold pieces at shops.

Inventory:

Hand Weapons
 e - a +3 whip
 x - a +2 spear of freezing
 D - a +2 whip of chaos (weapon)
 F - a +4 rapier of chaos
Missiles
 c - 3 boomerangs of dispersal
 f - 158 stones
 z - 24 poisoned darts
 B - 3 datura-tipped darts
 E - 8 curare-tipped darts
Armour
 h - a +0 cloak
 k - +0 acid dragon scales
 l - a +0 pair of gloves (worn)
 u - a scarf of repulsion (worn)
 y - a +0 kite shield (worn)
 C - +0 steam dragon scales
Jewellery
 g - a +4 ring of protection (left hand)
 G - an amulet of faith
Wands
 b - a wand of charming (8)
 p - a wand of digging (14)
Scrolls
 d - a scroll of magic mapping
 i - a scroll of fog
 m - 2 scrolls of teleportation {unknown}
 o - a scroll of enchant weapon {unknown}
 t - 3 scrolls of amnesia
Potions
 a - 2 potions of attraction
 s - a potion of might {unknown}
 w - a potion of degeneration
 A - a potion of lignification {unknown}


   Skills:
 + Level 5.6 Fighting
 + Level 7.7 Maces & Flails
 + Level 4.3 Throwing
 + Level 5.4 Dodging
 - Level 1.1 Stealth
 + Level 4.2 Shields
 + Level 2.9 Spellcasting
 + Level 4.2 Translocations
 + Level 2.8 Evocations


You had 11 spell levels left.
You knew the following spells:

 Your Spells              Type           Power      Damage    Failure   Level
a - Blink                 Tloc           N/A        N/A       22%         2

Your spell library contained the following spells:

 Spells                   Type           Power      Damage    Failure   Level
 Gell's Gravitas          Tloc           7%         N/A       38%         3
 Lesser Beckoning         Tloc           7%         N/A       38%         3
 Teleport Other           Tloc           14%        N/A       38%         3
 Poisonous Vapours        Pois/Air       4%         N/A       77%         2
 Ignite Poison            Fire/Tmut/Pois 2%         N/A       94%         3
 Mephitic Cloud           Conj/Pois/Air  2%         N/A       94%         3
 Manifold Assault         Tloc           14%        N/A       98%         5
 Petrify                  Tmut/Erth      2%         N/A       100%        4
 Metabolic Englaciation   Hex/Ice        1%         N/A       100%        5
 Statue Form              Tmut/Erth      1%         N/A       100%        6


Dungeon Overview and Level Annotations

Branches:
Dungeon (7/15)             Temple (1/1) D:5

Altars:
Ashenzari
Cheibriados
Elyvilon
Fedhas
Gozag
Kikubaaqudgha
Makhleb
Nemelex Xobeh
Qazlal
Ru
Sif Muna
Trog
Uskayaw
Vehumet
Wu Jian
Xom
Yredelemnul
Zin
The Shining One

Shops:
D:2 (=[*   D:5 !


Innate Abilities, Weirdness & Mutations

You can breathe blasts of noxious fumes.
Your lurid green scales are hard. (AC +7)
You cannot fit into any form of body armour.
Your system is resistant to poisons. (rPois)
You are cold-blooded and may be slowed by cold attacks.


Message History

You exhale a blast of noxious fumes.
The blast of choking fumes hits the hornet zombie.
The hornet zombie completely resists.
The hornet zombie is almost destroyed.
The centaur hits the hornet zombie.
The centaur kicks the hornet zombie but does no damage.
The centaur hits itself.
The centaur kicks itself.
The centaur is killed!
You have got your breath back.
You hit the hornet zombie but do no damage.
The hornet zombie is almost destroyed.
The hornet zombie barely misses you.
You hit the hornet zombie but do no damage.
The hornet zombie is almost destroyed.
The hornet zombie barely misses you.
You closely miss the hornet zombie.
You tail-slap the hornet zombie, but do no damage.
The hornet zombie is almost destroyed.
You block the hornet zombie's attack. The hornet zombie misses you.
You closely miss the hornet zombie.
The hornet zombie is almost destroyed.
The hornet zombie hits you!
* * * LOW HITPOINT WARNING * * *
Casting: Blink (safe; 22% risk of failure)
Confirm with . or Enter, or press ? or * to list all spells.
You blink.
Casting: Blink (safe; 22% risk of failure)
Confirm with . or Enter, or press ? or * to list all spells.
You don't have enough magic to cast this spell.
Okay, then.
Okay, then.
Abil: Breathe Noxious Fumes
Press: ? - help, Q - select action, (/) - cycle Shift-Dir - straight line, f/p - hornet zombie
Aim: a hornet zombie (almost destroyed, strong)
You exhale a blast of noxious fumes.
The blast of choking fumes hits the hornet zombie.
The hornet zombie completely resists.
The hornet zombie is almost destroyed.
The hornet zombie hits you!
You die...

#.##.#......#...#.# #
###..#.#.... # # ....#.#...# .#.#
#### ...#.#...# ####.#.# ...###
.#.###........###......#. .....#
....5............#..#..... ..##.#
....####...###........... #.##.#
....5....#............######.....
P...###...>.....@............##.#
............#####Z....####......#
......#.#..######.☼(.##......#...
......#.........#..§.$....).....#
.##.. #.............☼...###.#####
#.(##..<.....[.....○......#####
#..[..)....#.!..#...§......†...
##.###.##..#...################ #
#.##..#...#


You could see a hornet zombie (strong).

Vanquished Creatures
  A centaur skeleton (D:7)
  A steam dragon (D:6)
  An acid dragon (D:5)
  2 water moccasins
  An orc warrior (D:4)
  3 sky beasts
  2 ice beasts
  2 ogres
  A centaur (D:7)
  2 phantoms
  2 kobold brigands (D:6)
  A gnoll sergeant (D:3)
  4 scorpions
  A water moccasin zombie (D:5)
  2 bullfrog zombies (D:5)
  A hound (D:5)
  A jelly (D:5)
  2 orc priests (D:4)
  A bullfrog skeleton (D:5)
  A gnoll shaman (D:5)
  3 iguanas
  2 orc wizards
  Robin (D:3)
  A howler monkey zombie (D:6)
  11 gnolls
  2 howler monkey skeletons (D:5)
  3 adders
  A shadow imp (D:6)
  2 ufetubi (D:4)
  2 worms
  The ghost of chimenez the Sneak, a weakling DgDe (D:5)
  2 dart slugs
  14 orcs
  8 ball pythons
  6 endoplasms
  3 giant cockroaches
  6 hobgoblins
  11 kobolds
  3 quokkas
  3 bats
  A frilled lizard (D:2)
  6 goblins
  6 rats
130 creatures vanquished.

Vanquished Creatures (collateral kills)
  Menkaure (D:4)
  A goblin (D:3)
2 creatures vanquished.

Vanquished Creatures (others)
  A goblin (D:3)
  6 withered plants (D:7)
7 creatures vanquished.

Grand Total: 139 creatures vanquished

Notes
Turn   | Place    | Note
-------+----------+-------------------------------------------
     0 | D:1      | Elvor the Draconian Warper began the quest for the Orb.
     0 | D:1      | Reached XP level 1. HP: 17/17 MP: 3/3
   390 | D:1      | Reached XP level 2. HP: 21/25 MP: 5/5
  1015 | D:2      | Found Veroceg's Weapon Shop.
  1028 | D:2      | Reached XP level 3. HP: 30/30 MP: 6/6
  1054 | D:2      | Found Ahipsaq's Jewellery Boutique.
  1216 | D:2      | Found Gecs's Armour Boutique.
  1525 | D:2      | Found Niux's General Store.
  1534 | D:2      | Bought a scroll of identify for 28 gold pieces
  1536 | D:2      | Bought a scroll of fog for 28 gold pieces
  1930 | D:3      | Noticed Robin
  1946 | D:3      | Killed Robin
  1947 | D:3      | Reached skill level 3 in Maces & Flails
  1947 | D:3      | Reached XP level 4. HP: 20/37 MP: 7/7
  2269 | D:3      | Reached skill level 1 in Stealth
  2555 | D:3      | Learned a level 2 spell: Blink
  2647 | D:4      | Reached skill level 1 in Throwing
  2647 | D:4      | Reached XP level 5. HP: 28/45 MP: 8/8
  2703 | D:4      | Noticed Menkaure
  2879 | D:4      | Noticed a sky beast
  2960 | D:4      | Noticed an orc warrior
  3019 | D:4      | Killed Menkaure
  3020 | D:4      | Reached skill level 4 in Maces & Flails
  4285 | D:4      | Reached XP level 6. HP: 50/51 MP: 9/9
  4776 | D:3      | Killed a sky beast
  5151 | D:4      | Reached skill level 5 in Maces & Flails
  5151 | D:4      | Your scales start taking on a lurid green colour.
  5151 | D:4      | Reached XP level 7. HP: 52/58 MP: 10/10
  5151 | D:4      | Gained mutation: Your system is resistant to poisons.
                  | (rPois) [Green Draconian growth]
  5441 | D:4      | You fall into a shaft and drop 1 floor!
  5441 | D:5      | Entered Level 5 of the Dungeon
  5444 | D:5      | Found a broken altar of Ashenzari.
  5458 | D:5      | Found a shimmering altar of Xom.
  5458 | D:5      | Found a stormy altar of Qazlal.
  5458 | D:5      | Found a white marble altar of Elyvilon.
  5463 | D:5      | Found a bloodstained altar of Trog.
  5656 | D:5      | Reached skill level 1 in Shields
  5952 | D:5      | Found a runed translucent gate.
  5957 | D:5      | Found a runed translucent gate.
  5957 | D:5      | Noticed chimenez's ghost (weakling DgDe)
  5958 | D:5      | Found a runed translucent gate.
  5989 | D:5      | Found Obuts's Distillery.
  6457 | D:5      | Found a staircase to the Ecumenical Temple.
  6463 | Temple   | Entered the Ecumenical Temple
  6672 | D:5      | Reached XP level 8. HP: 53/66 MP: 11/11
  6697 | D:5      | Bought a potion of curing for 39 gold pieces
  6697 | D:5      | Bought a potion of degeneration for 13 gold pieces
  6726 | D:5      | Reached skill level 6 in Maces & Flails
  6888 | D:5      | Reached skill level 1 in Evocations
  6893 | D:5      | Killed chimenez's ghost
  6932 | D:5      | Got Enaum's Incunabulum of Vitriolic Orientation
  7372 | D:6      | Found a large runed translucent door.
  7377 | D:6      | Found a large runed translucent door.
  7377 | D:6      | Found a shimmering altar of Xom.
  7388 | D:6      | Reached skill level 5 in Fighting
  7388 | D:6      | Reached skill level 7 in Maces & Flails
  7471 | D:6      | Reached XP level 9. HP: 61/74 MP: 12/12
  7562 | D:6      | Found a glowing silver altar of Zin.
  7918 | D:7      | Noticed a hellwing
  8215 | D:7      | Reached skill level 5 in Dodging
  8256 | D:7      | HP: 2/74 [hornet zombie (9)]
  8260 | D:7      | Mangled by a hornet zombie

Illustrated notes

Levels and vault maps discovered:
D:1:      dpeg_arrival_shrine, layout_loops_corners
D:2:      layout_basic, serial_shops, shop_fountains, nicolae_shop_crystal,
          shop, nicolae_lakefront_shop, chequers_arboretum
D:3:      layout_basic, kennysheep_crisscross, uniq_robin
D:4:      layout_layer_cave, uniq_menkaure
D:5:      layout_rooms, minitemple, minmay_temple_entry_hall, serial_shops,
          shop, gammafunk_ghost_split, columned_hall_lemuel
D:6:      due_chaos_kobolds, layout_basic, amcnicky_altar_gilded
D:7:      cheibrodos_grave_circle, layout_basic, mainiacjoe_overflow_alcove_2,
          uniq_maggie
Temple:   nicolae_temple_god_jail

Skill      XL: |  1  2  3  4  5  6  7  8  9 |
---------------+----------------------------+-----
Maces & Flails | 3 4 5 7 |  7.7
Stealth        | 1 |  1.1
Fighting       | 3 4 5 |  5.6
Throwing       | 1 2 3 4 |  4.3
Dodging        | 3 4 5 |  5.4
Shields        | 1 3 4 |  4.2
Evocations     | 2 |  2.8
Translocations | 4 |  4.2
Spellcasting   | |  2.9

Action                   |  1- 3 |  4- 6 |  7- 9 || total
-------------------------+-------+-------+-------++-------
Melee: Mace              |    17 |       |       ||    17
       Whip              |    88 |   160 |   331 ||   579
       Tailslap          |    10 |    17 |    42 ||    69
Throw: Dart              |     1 |       |    66 ||    67
       Stone             |       |    52 |     4 ||    56
       Boomerang         |       |       |     2 ||     2
 Cast: Blink             |       |     6 |    11 ||    17
 Abil: Breathe Noxious F |       |       |    20 ||    20
Evoke: Wand              |       |     5 |    22 ||    27
  Use: Scroll            |     2 |     4 |     3 ||     9
       Potion            |       |     1 |     9 ||    10
 Stab: Sleeping          |     2 |       |     1 ||     3
       Distracted        |       |     1 |       ||     1
       Confused          |       |       |     6 ||     6
       Invisible         |       |       |     2 ||     2
Armor: Skin              |    27 |    47 |   168 ||   242
Dodge: Dodged            |    65 |    89 |   151 ||   305
       Repelled          |       |     1 |     1 ||     2
Block: Kite shield       |       |     4 |   128 ||   132
